 Dungeon Crawl Stone Soup version 0.31.0-11-ge490571c62 (webtiles) character file.

Game seed: 14557815264530300441

321 Silvore the Trooper (level 6, -2/48 HPs)
             Began as a Demonspawn Fighter on Feb 8, 2024.
             Was an Initiate of Okawaru.
             Slain by a scorpion (5 damage)
             ... on level 4 of the Dungeon.
             The game lasted 00:05:53 (3683 turns).

Silvore the Trooper (Demonspawn Fighter)            Turns: 3683, Time: 00:05:54

Health: -2/48      AC:  7    Str: 18    XL:     6   Next: 22%
Magic:  15/15      EV:  9    Int:  9    God:    Okawaru [......]
Gold:   170        SH:  5    Dex: 12    Spells: 5/5 levels left

rFire   . . .        a - +1 long sword (drain)
rCold   . . .        c - +1 buckler
rNeg    + . .        b - +0 scale mail
rPois   .            (no helmet)
rElec   .            (no cloak)
rCorr   .            (no gloves)
SInv    .            (no boots)
Will    .....        (no amulet) Stlth
                     j - ring of magical power
HPRegen 0.28/turn    k - ring of positive energy
MPRegen 0.14/turn

%: no passive effects
@: no status effects
A: (demonic guardian 2), powered by pain 1
a: Renounce Religion


You were on level 4 of the Dungeon.
You worshipped Okawaru.
Okawaru was noncommittal.
You visited 1 branch of the dungeon, and saw 4 of its levels.

You collected 170 gold pieces.

Inventory:

Hand Weapons
 a - a +1 long sword of draining (weapon)
Armour
 b - a +0 scale mail (worn)
 c - a +1 buckler (worn)
Jewellery
 j - a ring of magical power (left hand)
 k - a ring of positive energy (right hand)
Talismans
 g - a granite talisman
Wands
 r - a wand of flame (17)
Scrolls
 h - a scroll of enchant armour
 i - a scroll of revelation
 n - 2 scrolls of fear
Potions
 d - a potion of might
 e - a potion of ambrosia
 f - a potion of invisibility
 l - a potion of enlightenment
 m - a potion of mutation
 o - a potion of degeneration {unknown}
 q - 2 potions of curing


   Skills:
 + Level 4.0 Fighting
 + Level 3.5 Long Blades
 + Level 3.9 Armour
 + Level 1.9 Dodging
 + Level 3.2 Shields
 + Level 0.1 Shapeshifting


You had 5 spell levels left.
You didn't know any spells.
Your spell library contained the following spells:

 Spells                   Type           Power      Damage    Failure   Level
 Blink                    Tloc           0%         N/A       94%         2
 Lesser Beckoning         Tloc           0%         N/A       94%         2
 Momentum Strike          Conj/Tloc      0%         3d8       94%         2
 Sigil of Binding         Hex            0%         N/A       99%         3
 Dimensional Bullseye     Hex/Tloc       0%         N/A       100%        4
 Call Canine Familiar     Summ           Unusable   N/A       N/A         3

Dungeon Overview and Level Annotations

Branches:
Dungeon (4/15)
 Temple: D:4-7

Altars:
Okawaru
Trog

Shops:
D:3 :


Innate Abilities, Weirdness & Mutations

((A demonic guardian rushes to your aid.))
You sometimes gain a little power by taking damage.


Message History

You block the kobold's attack. x2; The kobold hits you but does no damage.
You closely miss the kobold.
A scorpion comes into view.
The kobold hits you but does no damage. The kobold closely misses you.
You barely miss the orc. You block the kobold's attack.
The kobold hits you but does no damage.
The orc hits you with a +1 falchion of holy wrath.
You convulse.
You barely miss the orc. The kobold hits you but does no damage.
The orc hits you with a +1 falchion of holy wrath.
You convulse!
The kobold hits you with a +0 short sword.
You closely miss the orc. The kobold hits you but does no damage.
The kobold barely misses you.
The orc hits you with a +1 falchion of holy wrath.
You convulse.
The kobold hits you but does no damage.
The kobold hits you with a +0 short sword.
The orc hits you with a +1 falchion of holy wrath.
You convulse!
* * * LOW HITPOINT WARNING * * *
You slash the orc!
You kill the orc!
Okawaru accepts your kill.
The scorpion stings you but does no damage.
You block the kobold's attack. The kobold hits you but does no damage.
Unknown command.
You hit the kobold. You drain the kobold.
You kill the kobold!
You block the scorpion's attack.
The kobold hits you with a +0 short sword.
* * * LOW HITPOINT WARNING * * *
The scorpion stings you.
* * * LOW HITPOINT WARNING * * *
You barely miss the scorpion. You block the kobold's attack.
The scorpion barely misses you.
The kobold hits you with a +0 short sword.
* * * LOW HITPOINT WARNING * * *
Unknown command.
The scorpion attacks as it pursues you! The scorpion stings you.
You die...

........................
........................
.......................##
........................#
........................
......................#
.....†................#
.................K...##
.......###......@s....#
.......# #.......).......
..###..# ##..............
..# #..# ##.............
.## #...# ##............
.## #..... #.............
.(# ..###....####........
.....# ###. ##.......
#...## ..


You could see a scorpion and a kobold.

Vanquished Creatures
  A scorpion (D:4)
  A hound (D:4)
  An orc wizard (D:3)
  Natasha (twice) (D:3)
  3 adders
  3 dart slugs
  A ribbon worm (D:2)
  6 orcs
  7 ball pythons
  7 bats
  8 endoplasms
  6 giant cockroaches
  8 goblins
  2 hobgoblins
  10 jackals
  5 quokkas
  A frilled lizard (D:1)
  6 kobolds
  3 rats (D:1)
81 creatures vanquished.

Vanquished Creatures (collateral kills)
  Natasha (D:3)
  A hobgoblin (D:1)
  A jackal (D:1)
  A rat (D:1)
4 creatures vanquished.

Grand Total: 85 creatures vanquished

Notes
Turn   | Place    | Note
-------+----------+-------------------------------------------
     0 | D:1      | Silvore the Demonspawn Fighter began the quest for the Orb.
     0 | D:1      | Reached XP level 1. HP: 18/18 MP: 1/1
   128 | D:1      | Gained mutation: A weak demonic guardian rushes to your
                  | aid. [demonic ancestry]
   128 | D:1      | Reached XP level 2. HP: 7/24 MP: 2/2
   689 | D:1      | Reached XP level 3. HP: 27/29 MP: 3/3
  1684 | D:3      | Gained mutation: A demonic guardian rushes to your aid.
                  | [demonic ancestry]
  1684 | D:3      | Reached XP level 4. HP: 33/35 MP: 4/4
  1853 | D:3      | Found Ruma Wofal's Book Shoppe.
  1990 | D:3      | Noticed Natasha
  2011 | D:3      | Killed Natasha
  2256 | D:3      | Noticed Natasha
  2267 | D:3      | Killed Natasha
  2489 | D:3      | Found a bloodstained altar of Trog.
  2522 | D:3      | Found an iron altar of Okawaru.
  2550 | D:3      | Noticed Natasha
  2576 | D:3      | Became a worshipper of Warmaster Okawaru
  2630 | D:3      | Gained mutation: You sometimes gain a little power by
                  | taking damage. [demonic ancestry]
  2630 | D:3      | Reached XP level 5. HP: 41/41 MP: 5/5
  2673 | D:3      | Killed Natasha
  2674 | D:3      | Reached skill level 1 in Dodging
  3109 | D:3      | Reached skill level 4 in Fighting
  3129 | D:3      | Reached XP level 6. HP: 39/48 MP: 6/6
  3683 | D:4      | Slain by a scorpion

Illustrated notes

Levels and vault maps discovered:
D:1:      amcnicky_arrival_double_pillar, layout_basic
D:2:      layout_basic
D:3:      layout_loops_cross, mainiacjoe_overflow_alcove_4,
          mainiacjoe_overflow_two_lobes, serial_shops, shop, uniq_natasha
D:4:      layout_layer_cave, chequers_serial_rivers_room_a, st_stairs_2

Skill      XL: |  1  2  3  4  5 |
---------------+----------------+-----
Long Blades    | 2 3 |  3.5
Armour         | 3 |  3.9
Shields        | 3 |  3.2
Dodging        | 1 |  1.9
Fighting       | 4 |  4.0
Shapeshifting  | |  0.1

Action                     |  1- 3 |  4- 6 || total
---------------------------+-------+-------++-------
  Melee: Long sword        |   134 |   150 ||   284
    Use: Scroll            |     7 |     6 ||    13
         Potion            |       |     1 ||     1
 Armour: Scale mail        |   108 |   182 ||   290
         Skin              |    18 |       ||    18
  Dodge: Dodged            |    88 |    70 ||   158
  Block: Buckler           |    49 |    44 ||    93
         Form:             |     1 |       ||     1
         Statue            |     1 |       ||     1
